 Dungeon Crawl Stone Soup version 0.18.1-48-g4cf74bf (webtiles) character file.

64 Joat the Sneak (level 3, -14/22 HPs)
             Began as a Deep Elf Chaos Knight on July 27, 2016.
             Was an Initiate of Sif Muna.
             Demolished by a soul eater (23 damage)
             ... summoned by Xom
             ... on level 2 of the Dungeon.
             The game lasted 00:13:18 (1635 turns).

Joat the Sneak (Deep Elf Chaos Knight)              Turns: 1635, Time: 00:13:19

Health: -14/22     AC:  5    Str:  9    XL:     3   Next: 91%
Magic:  5/5        EV: 12    Int: 17    God:    Sif Muna [......]
Gold:   59         SH:  0    Dex: 14    Spells: 0 memorised, 2 levels left

rFire  . . .     SeeInvis .     a - +0 short sword (chaos)
rCold  . . .     Gourm    .     b - +2 leather armour
rNeg   . . .     Faith    .     (no shield)
rPois  .         Spirit   .     (no helmet)
rElec  .         Dismiss  .     (no cloak)
rCorr  .         Reflect  .     (no gloves)
SustAt .         Harm     .     (no boots)
MR     .....                    (no amulet)
Stlth  +++.......               (no ring)
                                (no ring)

@: not resistant to hostile enchantments, fairly stealthy
A: no striking features
a: Renounce Religion


You were on level 2 of the Dungeon.
You worshipped Sif Muna.
Sif Muna was noncommittal.
You were not hungry.

You visited 1 branch of the dungeon, and saw 2 of its levels.

You collected 59 gold pieces.

Inventory:

Hand Weapons
 a - a +0 short sword of chaos (weapon)
 e - a +0 short sword
 j - a +0 short sword of flaming
Missiles
 f - 76 stones (quivered)
Armour
 b - a +2 leather armour (worn)
 n - a +0 chain mail
 p - a +0 robe
Scrolls
 g - a scroll of remove curse
 r - a scroll of noise {unknown}
Potions
 d - a potion of resistance {unknown}
 h - a potion of mutation {unknown}
 i - a potion of flight {unknown}
 m - a potion of cure mutation {unknown}
 o - a potion of lignification {unknown}
 q - a potion of magic {unknown}
Comestibles
 c - 3 bread rations
 s - 4 chunks of flesh


   Skills:
 - Level 2.5 Fighting
 - Level 3.0 Short Blades
 - Level 0.7 Armour
 - Level 2.4 Dodging
 + Level 4.6 Stealth


You had 2 spell levels left.
You didn't know any spells.

Dungeon Overview and Level Annotations

Branches:
Dungeon (2/15)

Altars:
Sif Muna


Message History

You now have 59 gold pieces (gained 11).
f - 76 stones (gained 20) Eating one of 5 chunks of flesh.
This raw flesh tastes terrible. "Let's see if it's strong enough to survive yet."
You continue eating. x2
You don't know any spells.
You don't know any spells.
As you read the scroll labeled VOJ POSIUKEO, it crumbles to dust.
It is a scroll of identify.
Identify which item? (\ to view known items) (? for menu, Esc to quit)
g - a scroll of remove curse The soul eater draws from the surrounding life force!
Press: ? - help, v - describe, . - travel
Here: a soul eater (summoned)
The floor.
As you read the scroll labeled GATIQU CETUQI, it crumbles to dust.
It is a scroll of amnesia.
You feel forgetful for a moment. The soul eater hits you!!
Ouch! That really hurt!
You die...

###############
#.3@..........#
##.###########.# ##. .###
######.# # # ...#...#
#...##.###### #. ##
...#.###............ ...
#.##.##..........###
....###.##.##.#.###.##.###
................# #.##.##.
..###.....##.### #.##.##.


You could see a soul eater.

Vanquished Creatures
  An adder (D:2)
  A dart slug (D:1)
  2 giant geckos
  8 bats
  3 giant cockroaches
  7 goblins
  4 hobgoblins
  6 jackals
  A ball python (D:2)
  A giant newt (D:1)
  5 kobolds
  7 rats (D:1)
46 creatures vanquished.

Notes
Turn   | Place    | Note
--------------------------------------------------------------
     0 | D:1      | Joat the Deep Elf Chaos Knight began the quest for the Orb.
     0 | D:1      | Reached XP level 1. HP: 13/13 MP: 3/3
    49 | D:1      | Reached skill level 1 in Stealth
    99 | D:1      | Reached skill level 2 in Stealth
    99 | D:1      | Reached XP level 2. HP: 11/18 MP: 4/4
   100 | D:1      | XOM: harmless Fire miscast
   346 | D:1      | Reached skill level 3 in Stealth
   470 | D:1      | Reached XP level 3. HP: 22/22 MP: 5/5
   491 | D:1      | XOM: cast spell 'Summon Butterflies'
   901 | D:1      | Reached skill level 4 in Stealth
  1056 | D:2      | Found a deep blue altar of Sif Muna.
  1128 | D:2      | XOM: silly message
  1151 | D:2      | XOM: divination: magic mapping
  1187 | D:2      | Fell from the grace of Xom
  1187 | D:2      | Became a worshipper of Sif Muna the Loreminder
  1347 | D:2      | XOM: summons 4 hostile shadow creatures
  1631 | D:2      | XOM: summons 1 hostile demon
  1632 | D:2      | Noticed a soul eater
  1635 | D:2      | Demolished by a soul eater

Skill      XL: |  1  2  3 |
---------------+----------+-----
Stealth        | 2 3 4 |  4.6
Fighting       | |  2.5
Short Blades   | |  3.0
Armour         | |  0.7
Dodging        | |  2.4

Action                   || total
-------------------------++-------
Melee: Short sword       ||   164
Throw: Stone             ||    10
  Use: Scroll            ||     2
 Stab: Sleeping          ||     7
  Eat: Chunk             ||     3
Armor: Leather armour    ||    62
Dodge: Dodged            ||   115
